AoeStats
← NPG | Shimishi Maki

African Clearing

506744721Analyzed
4v4 RM · 18d ago on Sep 14, 2026· 25m 18s· 8 players
Game mode
Random Map
Map size
Large (8 player)
Population
200
Speed
Normal
Resources
Standard
Victory
Conquest
Starting age
Dark Age
Ending age
Imperial Age
RankedLock teamsTeams togetherTeam positionsShared explorationLock speedFull tech treeHidden civsTurbo modeCheats
Victory
Defeat
🇺🇸 Magyars · United States
1653
+13
🇧🇷 Mongols · Brazil
1565
+17
🇺🇸 Spanish · United States
1531
+18
🇲🇽 Saracens · Mexico
1495
+19
🇨🇱 Chinese · Chile
1666
-21
🇨🇱 Magyars · Chile
1576
-17
🇨🇱 Mongols · Chile
1547
-15
🇨🇱 Spanish · Chile
1521
-14
倉木華
10:11 Loom
12:53 Feudal Age
18:39 Castle Age
Tremere
10:41 Loom
12:26 Feudal Age
16:47 Castle Age
15:08 Double-Bit Axe
18:55 Bow Saw
21:52 Fletching
thefacelessz12
4:29 Loom
15:29 Feudal Age
17:50 Double-Bit Axe
18:35 Fletching
24:14 Castle Age
23:28 Fishing Lines
23:47 Stone Mining
KaLong
3:00 Loom
12:52 Feudal Age
13:40 Town Watch
15:12 Wheelbarrow
15:04 Scale Barding Armor
19:09 Bloodlines
20:46 Wheelbarrow
24:50 Castle Age
NPG | DR@CA
10:49 Loom
16:47 Feudal Age
16:50 Man-at-Arms
17:18 Double-Bit Axe
17:15 Horse Collar
18:12 Arson
24:13 Castle Age
22:39 Fletching
24:18 Gold Mining
NPG | Dequetelasdai
8:43 Loom
11:33 Feudal Age
16:04 Castle Age
15:43 Double-Bit Axe
AiM | PoRRo
6:02 Loom
12:18 Feudal Age
12:55 Double-Bit Axe
18:06 Scale Barding Armor
24:01 Castle Age
23:52 Fletching
24:37 Padded Archer Armor
NPG | Shimishi Maki
3:59 Loom
13:59 Feudal Age
17:51 Castle Age
17:16 Double-Bit Axe
19:06 Horse Collar
21:21 Bow Saw
25:00 Fletching
Connection lost

Rejoining the realm…

Still unreachable

The connection could not be restored.

Session expired

The server has moved on; the page needs a fresh start.